Map: Ley Lines

Players

Vindicta - Winner!

  • Race: Terran Terran
  • League: Master
  • Spawn Location: 7:00

Hupsaiya

  • Race: Protoss Protoss
  • League: Grandmaster
  • Spawn Location: 1:00

VOD

Have the link to the VOD?

Description

Time

  • Played on: May 14, 2025, 7:30 p.m.
  • Length: 10:59
Show
View Real Time Build Order
Export as new Build Order

Vindicta Terran - Winner!

Build Orders:  

Get SALT Encoding   

  12  0:00  SCV  
  13  0:12  SCV  
  14  0:16  Supply Depot  
  14  0:24  SCV  
  15  0:38  SCV  
  15  0:39  Barracks  
  16  0:43  Refinery  
  16  0:50  SCV  
  17  1:02  SCV  
  18  1:14  SCV  
  19  1:32  Orbital Command  
  20  1:33  Marine  
  20  1:41  Command Center  
  20  1:51  Reaper  
  21  1:58  SCV, Supply Depot  
  22  2:10  SCV  
  22  2:11  Factory  
  23  2:20  Bunker  
  23  2:22  SCV  
  24  2:23  Marine  
  25  2:30  Refinery  
  25  2:34  SCV  
  26  2:42  Barracks Reactor  
  26  2:50  SCV  
  27  2:56  Hellion  
  27  2:58  Orbital Command, Starport  
  29  3:02  SCV  
  30  3:16  SCV  
  30  3:18  Widow Mine  
  32  3:25  Marine x2  
  32  3:26  SCV  
  34  3:28  SCV  
  34  3:32  Supply Depot  
  35  3:38  SCV  
  35  3:39  Viking  
  38  3:42  Factory Tech Lab  
  38  3:43  Marine  
  39  3:49  Marine  
  39  3:52  SCV  
  41  4:00  Marine  
  43  4:03  Cyclone  
  43  4:04  SCV  
  43  4:06  SCV  
  43  4:07  Supply Depot  
  45  4:12  Viking  
  45  4:13  Marine  
  48  4:18  Marine  
  48  4:22  SCV  
  48  4:28  SCV  
  49  4:33  Supply Depot  
  49  4:36  SCV  
  51  4:40  SCV  
  51  4:42  Cyclone  
  55  4:48  Starport Tech Lab  
  55  4:50  SCV  
  55  4:51  Barracks  
  55  4:52  SCV  
  56  4:55  Marine x2  
  56  4:57  Supply Depot  
  58  5:03  Barracks  
  58  5:04  SCV  
  58  5:05  SCV  
  60  5:12  Engineering Bay, Refinery  
  60  5:17  SCV x2  
  60  5:20  Siege Tank  
  65  5:24  Viking  
  67  5:28  Viking  
  67  5:30  SCV  
  67  5:32  SCV  
  71  5:36  Stimpack  
  71  5:42  Refinery  
  71  5:44  SCV, Supply Depot  
  71  5:47  Marauder  
  74  5:50  Barracks Reactor  
  74  5:53  Barracks Tech Lab  
  74  5:57  Terran Infantry Weapons Level 1  
  74  6:01  SCV x2  
  74  6:04  Viking  
  78  6:06  Supply Depot  
  78  6:11  Missile Turret, Viking  
  78  6:12  Marine x2  
  78  6:16  SCV x2  
  84  6:19  Combat Shield  
  84  6:26  Marine  
  84  6:27  Marine  
  84  6:29  Supply Depot  
  84  6:31  Siege Tank  
  90  6:35  Marauder  
  90  6:44  Marine, Viking  
  90  6:45  Marine  
  90  6:46  Marine  
  93  6:49  SCV  
  93  6:50  Viking  
  96  6:54  Supply Depot  
  96  6:55  Missile Turret  
  96  6:56  Marine  
  96  7:02  Missile Turret, Marine  
  96  7:03  Marine, Siege Tank  
  102  7:15  Marine, Liberator  
  102  7:20  Marine  
  106  7:26  Command Center  
  106  7:28  Marine  
  106  7:29  Supply Depot  
  107  7:36  Liberator  
  110  7:40  Supply Depot  
  111  7:49  Marine  
  111  7:51  Marine, Barracks  
  110  7:53  Barracks  
  110  7:55  Marine  
  113  8:01  Liberator  
  113  8:04  Siege Tank  
  117  8:11  Marine x2  
  119  8:15  Marauder  
  119  8:16  Marine  
  105  8:28  Marine  
  105  8:29  Marine  
  105  8:32  Viking  
  102  8:34  Marauder  
  102  8:36  Marine, Siege Tank  
  102  8:37  Terran Infantry Armor Level 1  
  102  8:40  SCV  
  110  8:41  SCV  
  110  8:43  Barracks Tech Lab  
  110  8:45  Barracks Reactor  
  110  8:52  SCV  
  110  8:53  Medivac  
  110  8:54  SCV  
  114  8:59  Marine, Concussive Shells  
  114  9:02  Medivac, Orbital Command  
  117  9:05  SCV  
  117  9:06  Marine  
  117  9:08  Marine  
  118  9:10  Marine  
  118  9:13  SCV  
  120  9:17  Marine, SCV  
  120  9:18  Marine  
  120  9:23  Marine x2  
  125  9:24  Marine  
  125  9:25  SCV  
  125  9:27  Siege Tank  
  125  9:29  SCV  
  132  9:33  Supply Depot  
  132  9:35  Supply Depot  
  132  9:36  Marine  
  134  9:43  Medivac x2, Marine  
  134  9:45  Marauder, SCV  
  140  9:53  Marine  
  140  9:54  Missile Turret  
  140  9:55  Supply Depot  
  140  9:59  Marine  
  139  10:03  SCV  
  139  10:05  Marine  
  140  10:10  SCV x2  
  140  10:12  Viking  
  140  10:13  Viking  
  144  10:15  Ghost Academy, Marine x2, Marauder  
  144  10:17  Marine  
  144  10:19  Supply Depot  
  144  10:21  Siege Tank, Supply Depot  
  149  10:22  Marine  
  149  10:24  Marine x2  
  155  10:32  Marine  
  155  10:35  Supply Depot, SCV  
  157  10:40  Marine x2  
Show
View Real Time Build Order
Export as new Build Order

Hupsaiya Protoss 

Build Orders: 1 Gate Expand, Phoenix Opening, Colossus Rush 

Get SALT Encoding   

  12  0:02  Probe  
  13  0:12  Pylon  
  13  0:17  Probe  
  14  0:26  Probe  
  14  0:33  Gateway  
  14  0:34  Probe  
  16  0:44  Probe, Assimilator  
  17  0:56  Probe  
  18  1:08  Probe  
  19  1:20  Cybernetics Core  
  19  1:30  Nexus  
  19  1:32  Probe  
  20  1:39  Pylon  
  20  1:44  Probe  
  21  1:47  Adept  
  21  1:48  Assimilator  
  21  2:00  Probe  
  24  2:07  Adept  
  24  2:12  Probe  
  27  2:24  Probe  
  27  2:29  Stargate  
  28  2:37  Adept  
  28  2:40  Probe  
  28  2:41  Warp Gate, Probe  
  32  2:48  Probe  
  32  2:53  Probe  
  32  2:58  Probe  
  35  3:06  Probe  
  35  3:10  Probe  
  35  3:11  Phoenix  
  37  3:18  Probe  
  40  3:24  Probe  
  40  3:30  Pylon, Probe  
  40  3:31  Phoenix  
  41  3:37  Probe  
  44  3:42  Probe  
  45  3:49  Probe  
  46  3:56  Robotics Facility, Phoenix, Probe  
  46  3:58  Assimilator  
  46  4:00  Assimilator  
  46  4:01  Probe  
  50  4:07  Pylon  
  50  4:08  Gateway, Probe  
  51  4:13  Probe  
  52  4:20  Probe  
  51  4:26  Phoenix, Probe  
  51  4:30  Probe  
  54  4:37  Pylon  
  55  4:38  Probe x2  
  55  4:41  Observer  
  55  4:45  Robotics Bay  
  57  4:47  Probe  
  57  4:50  Probe  
  60  4:55  Pylon  
  60  4:57  Adept  
  60  4:59  Probe  
  63  5:00  Phoenix  
  63  5:03  Probe  
  63  5:04  Observer  
  66  5:11  Probe, Adept  
  66  5:12  Pylon  
  70  5:15  Probe  
  70  5:16  Immortal  
  70  5:17  Nexus  
  71  5:21  Adept  
  77  5:37  Probe x2  
  77  5:40  Twilight Council  
  77  5:41  Forge  
  79  5:47  Colossus  
  79  5:48  Pylon  
  81  5:58  Charge  
  85  6:06  Phoenix  
  85  6:10  Pylon  
  87  6:12  Gateway  
  87  6:14  Protoss Ground Weapons Level 1  
  87  6:15  Gateway  
  87  6:17  Gateway  
  87  6:19  Gateway  
  87  6:26  Shield Battery  
  87  6:29  Probe x3  
  87  6:31  Colossus  
  90  6:43  Pylon  
  90  6:44  Probe  
  97  6:47  Sentry  
  97  6:48  Probe  
  97  6:49  Observer  
  97  6:51  Probe  
  97  6:53  Gateway  
  101  6:55  Pylon  
  101  6:57  Probe  
  101  6:58  Observer  
  102  7:01  Probe  
  102  7:04  Pylon  
  103  7:11  Phoenix  
  103  7:12  Zealot x5  
  103  7:15  Colossus  
  115  7:17  Observer  
  115  7:18  Probe  
  115  7:20  Zealot  
  117  7:28  Probe  
  124  7:31  Shield Battery  
  124  7:33  Stalker, Sentry  
  124  7:36  Phoenix  
  130  7:38  Zealot x3  
  136  7:46  Shield Battery  
  136  7:48  Shield Battery  
  136  7:54  Stalker x2  
  130  8:06  Zealot x5  
  130  8:11  Pylon  
  140  8:13  Pylon  
  110  8:30  Colossus  
  110  8:31  Phoenix  
  93  8:34  Zealot x4  
  93  8:35  Zealot x3  
  93  8:40  Pylon  
  115  8:51  Phoenix  
  115  8:54  Probe x2  
  117  8:55  Pylon  
  117  8:58  Zealot x7  
  133  9:06  Probe x2  
  133  9:14  Pylon  
  133  9:16  Phoenix  
  135  9:17  Assimilator x2  
  135  9:18  Colossus  
  135  9:22  Sentry  
  137  9:24  Probe  
  144  9:34  Probe  
  144  9:36  Templar Archives, Probe  
  146  9:41  Phoenix  
  146  9:42  Nexus  
  148  9:47  Probe  
  143  10:02  Colossus  
  143  10:05  Phoenix, Zealot x7  
  165  10:19  Shield Battery, Photon Cannon  
  165  10:21  Phoenix, Shield Battery  
  167  10:38  Zealot x5  
Tags
 
Add a new tag
Caveats
  • Supply blocks, unpowered buildings, or Contaminate may cause inaccurate times.
  • Supply counts are checked every 10 seconds.